 Dungeon Crawl Stone Soup version 0.28-a0-1174-g766a6a42ef (webtiles) character file.

Game seed: 18263096748548050976

46 kae the Changer (level 3, 0/28 HPs)
             Began as a Draconian Transmuter on Dec 16, 2021.
             Killed by divine providence
             ... invoked by an orc priest
              (12 damage)
             ... on level 2 of the Dungeon.
             The game lasted 00:01:37 (2173 turns).

kae the Changer (Draconian Transmuter)              Turns: 2173, Time: 00:01:38

Health: 0/28       AC:  2    Str: 12    XL:     3   Next: 44%
Magic:  6/6        EV: 19    Int: 15    God:
Gold:   38         SH:  0    Dex: 22    Spells: 3/7 levels left

rFire   . . .      SeeInvis .     - Unarmed
rCold   . . .      Faith    .   (shield currently unavailable)
rNeg    . . .      Spirit   .   (armour unavailable)
rPois   x          Reflect  .   (helmet currently unavailable)
rElec   .          Harm     .   (cloak currently unavailable)
rCorr   .          Rampage  .   (gloves currently unavailable)
Will    .....                   (boots currently unavailable)
Stlth   ++........              f - amulet of magic regeneration
HPRegen 0.09/turn               e - ring of wizardry
MPRegen 0.50/turn               c - +6 ring of dexterity

@: spider-form
A: venomous fangs, AC +5, tiny, unfitting armour, (cold-blooded)
a: End Transformation


You were on level 2 of the Dungeon.
You were a venomous arachnid creature.
You visited 1 branch of the dungeon, and saw 2 of its levels.

You collected 38 gold pieces.

Inventory:

Jewellery
 c - a +6 ring of dexterity (right front leg)
 d - a ring of ice
 e - a ring of wizardry (left front leg)
 f - an amulet of magic regeneration (around neck)
Potions
 a - a potion of invisibility {unknown}
 b - a potion of degeneration {unknown}


   Skills:
 - Level 1.1 Fighting
 - Level 1.7 Dodging
 - Level 3.0 Unarmed Combat
 + Level 2.5 Spellcasting
 * Level 3.5 Transmutations


You had 3 spell levels left.
You knew the following spells:

 Your Spells              Type           Power      Damage    Failure   Level
a - Beastly Appendage     Tmut           24%        N/A       6%          1
b - Spider Form           Tmut/Pois      7%         N/A       24%         3

Your spell library contained the following spells:

 Spells                   Type           Power      Damage    Failure   Level
 Wereblood                Tmut           12%        N/A       9%          2
 Ice Form                 Ice/Tmut       7%         N/A       54%         4


Dungeon Overview and Level Annotations

Branches:
Dungeon (2/15)

Altars:


Innate Abilities, Weirdness & Mutations

You are a venomous arachnid creature.
You have poisonous fangs.
You are tiny and dextrous.
Your spellcasting is less reliable in this form.
Your armour is entirely melded.
You are incapable of wielding weapons or throwing items.
((Your plain brown scales are hard. (AC +5)))
You cannot fit into any form of body armour.
((You are cold-blooded and may be slowed by cold attacks.))


Message History

Confirm with . or Enter, or press ? or * to list all spells.
You grow a pair of large bovine horns.
Your feet morph into talons.
You start waiting.
Your transformation is almost over.
Casting: Beastly Appendage (safe; 1% risk of failure)
Confirm with . or Enter, or press ? or * to list all spells.
The spell is quite dangerous to miscast (12% risk of failure)!
Continue anyway? [Y]es or [N]o only, please.
The spell is quite dangerous to miscast (12% risk of failure)!
Continue anyway?
Your horns disappear.
Your talons disappear.
You turn into a venomous arachnid creature.
The orc priest shouts!
An orc comes into view. It is wielding a +0 hand axe.
The orc priest calls down the wrath of Beogh upon you.
Beogh smites you!
The orc moves out of view.
You hear a shout! x2
You are too injured to fight recklessly!
You are too injured to fight recklessly!
You are too injured to fight recklessly!
You are too injured to fight recklessly!
You are too injured to fight recklessly!
You are too injured to fight recklessly!
Unknown command.
An orc priest comes into view. It is wielding a +0 club.
The orc priest begins to cast a cantrip, but forgets the words!
You see here 30 arrows.
You hit the orc priest.
The orc priest looks as sick as possible!
The orc priest is moderately wounded.
The orc priest hits you with a +0 club.
You barely miss the orc priest.
The orc priest is severely wounded.
You hit the orc.
The orc is poisoned.
The orc is lightly wounded.
You hit the orc priest but do no damage.
The orc priest is almost dead.
The orc closely misses you.
The orc priest mumbles some strange prayers to Beogh against you.
Beogh smites you!
You die...

##..............
##.#.##.##.###...
#.###...##.##....
##.#.#####.###...
##........# ##.#
#........# #.#
#######.########
#.# #..o.##.#
##'# #..os...#
##...
#....o######
##.... #....
##..... ###.
#...... # +......
#...... ##.....
##.... ##...


You could see 2 orc priests and an orc (very poisoned).

Vanquished Creatures
  An adder (D:2)
  3 ball pythons
  5 bats
  5 endoplasms (D:1)
  2 giant cockroaches
  3 goblins (D:1)
  3 hobgoblins
  3 kobolds
  A quokka (D:1)
  3 frilled lizards (D:1)
  3 rats (D:1)
32 creatures vanquished.

Notes
Turn   | Place    | Note
-------+----------+-------------------------------------------
     0 | D:1      | kae the Draconian Transmuter began the quest for the Orb.
     0 | D:1      | Reached XP level 1. HP: 16/16 MP: 3/3
   488 | D:1      | Reached XP level 2. HP: 22/23 MP: 3/5
   865 | D:1      | Found a faded altar of an unknown god.
  1449 | D:2      | Reached XP level 3. HP: 20/28 MP: 4/6
  1453 | D:2      | Learned a level 3 spell: Spider Form
  2173 | D:2      | Killed from afar by an orc priest

Illustrated notes

Levels and vault maps discovered:
D:1:      elethiomel_arrival_maze, layout_loops_ring,
          hellmonk_ecumenical_altar_inner_sanctum, chequers_jeans,
          minmay_surrounded
D:2:      layout_loops_corners, hangedman_decor_push

Skill      XL: |  1  2 |
---------------+-------+-----
Transmutations | 3 |  3.5
Fighting       | |  1.1
Dodging        | |  1.7
Unarmed Combat | |  3.0
Spellcasting   | |  2.5

Action                   || total
-------------------------++-------
Melee: Unarmed           ||   116
       Tailslap          ||     9
       Headbutt          ||     7
       Kick              ||     4
 Cast: Beastly Appendage ||    20
       Spider Form       ||     1
 Stab: Sleeping          ||     1
Armor: Skin              ||    50
Dodge: Dodged            ||    85

Table legend: (Time is in decaauts)
 A = Elapsed time spent in this place.
 B = Non-inter-level travel time spent in this place.
 C = Inter-level travel time spent in this place.
 D = Time resting spent in this place.
 E = Time spent auto-exploring this place.
 F = Levels seen in this place.
 G = Mean time per level.
                   A        B        C        D        E       F      G
               +--------+--------+--------+--------+--------+-----+--------+
         Total |   2166 |   2075 |     91 |    205 |   1583 |   2 | 1083.0 |
       Dungeon |   2166 |   2075 |     91 |    205 |   1583 |   2 | 1083.0 |
               +--------+--------+--------+--------+--------+-----+--------+

Top non-repeatable levels by time:
     D:1: 1417 daAuts
     D:2: 748 daAuts
